 Dungeon Crawl Stone Soup version 0.27-a0-1232-gc6a4cbde82 (webtiles) character file.

Game seed: 12533694947758259442

7073 ENCue the Thaumaturge (level 10, -6/45 (50) HPs)
             Began as a Deep Elf Air Elementalist on June 7, 2021.
             Was a High Priest of Elyvilon.
             Killed by vampiric draining
             ... invoked by Josephine
              (17 damage)
             ... on level 10 of the Dungeon on June 8, 2021.
             The game lasted 01:12:24 (13352 turns).

ENCue the Thaumaturge (Deep Elf Air Elementalist)  Turns: 13352, Time: 01:12:25

HP:   -6/45 (50)    AC: 17    Str:  7    XL:     10   Next: 84%
MP:   1/26          EV: 17    Int: 29    God:    Elyvilon [*****.]
Gold: 239           SH:  0    Dex: 16    Spells: 14/29 levels left

rFire    . . .     SeeInvis .   i - +4 short sword (speed)
rCold    . . .     Faith    .   (no shield)
rNeg     . . .     Spirit   .   v - +0 steam dragon scales
rPois    .         Reflect  .   h - +0 helmet
rElec    .         Harm     .   F - +1 cloak
rCorr    .         Rampage  +   u - +1 pair of gloves
Will     +....     Clarity  +   A - +2 pair of boots {rampage}
Stlth    ++++......             m - amulet of the acrobat
HPRegen  0.15/turn              j - +6 ring of intelligence
MPRegen  0.20/turn              g - +4 ring of protection

@: heavily drained
A: clarity, strong 1
a: Renounce Religion, Lesser Healing, Heal Other, Purification, Greater Healing,
Divine Vigour, Divine Protection


You were on level 10 of the Dungeon.
You worshipped Elyvilon.
Elyvilon was extremely pleased with you.
You visited 1 branch of the dungeon, and saw 10 of its levels.

You collected 448 gold pieces.
You spent 209 gold pieces at shops.

Inventory:

Hand Weapons
 i - a +4 short sword of speed (weapon)
Missiles
 b - 6 atropa-tipped darts
 t - 3 throwing nets
Armour
 h - a +0 helmet (worn)
 u - a +1 pair of gloves (worn)
 v - +0 steam dragon scales (worn)
 A - a +2 pair of boots of rampaging (worn)
 F - a +1 cloak (worn)
Jewellery
 e - a ring of see invisible
 g - a +4 ring of protection (right hand)
 j - a +6 ring of intelligence (left hand)
 m - an amulet of the acrobat (around neck)
 o - a ring of protection from fire
 x - a ring of fire
Wands
 k - a wand of flame (10)
 n - a wand of iceblast (8)
 s - a wand of paralysis (7)
 w - a wand of polymorph (22)
 I - a wand of charming (5)
 J - a wand of acid (8)
Scrolls
 a - a scroll of summoning {unknown}
 p - a scroll of holy word {unknown}
 y - a scroll of fog {unknown}
 B - a scroll of enchant weapon
 C - a scroll of blinking {unknown}
 E - 2 scrolls of fear {unknown}
 G - a scroll of magic mapping
 K - 3 scrolls of amnesia {unknown}
Potions
 c - 2 potions of curing
 d - 3 potions of flight
 f - 3 potions of mutation
 l - 2 potions of haste
 r - a potion of attraction {unknown}
 z - a potion of lignification
 D - a potion of brilliance {unknown}
 H - a potion of magic {unknown}
 L - a potion of cancellation {unknown}


   Skills:
 + Level 9.3 Dodging
 + Level 10.1 Stealth
 + Level 10.2 Spellcasting
 - Level 1.1 Conjurations
 + Level 9.7 Hexes
 + Level 8.1 Air Magic


You had 14 spell levels left.
You knew the following spells:

 Your Spells              Type           Power      Damage    Failure   Level
a - Shock                 Conj/Air       100%       1d9       1%          1
b - Static Discharge      Conj/Air       41%        N/A       1%          2
c - Swiftness             Air            58%        N/A       1%          3
d - Airstrike             Air            29%        N/A       1%          4
e - Lightning Bolt        Conj/Air       20%        1d35      16%         5

Your spell library contained the following spells:

 Spells                   Type           Power      Damage    Failure   Level
 Animate Skeleton         Necr           28%        N/A       3%          1
 Beastly Appendage        Tmut           28%        N/A       3%          1
 Pain                     Necr           56%        1d6       3%          1
 Sandblast                Erth           28%        2d8       3%          1
 Passwall                 Tmut/Erth      11%        N/A       5%          2
 Wereblood                Tmut           14%        N/A       5%          2
 Stone Arrow              Conj/Erth      34%        3d9       9%          3
 Spider Form              Tmut/Pois      7%         N/A       11%         3
 Vampiric Draining        Necr           7%         2d7       11%         3
 Animate Dead             Necr           7%         N/A       36%         4
 Ice Form                 Ice/Tmut       14%        N/A       36%         4
 Petrify                  Tmut/Erth      14%        N/A       36%         4
 Agony                    Necr           14%        N/A       71%         5
 Hydra Form               Tmut           7%         N/A       71%         5
 Lee's Rapid Deconstruct  Erth           7%         3d7*      71%         5


Dungeon Overview and Level Annotations

Branches:
Dungeon (10/15)            Temple (0/1) D:4
   Lair: D:8-11         Orc: D:9-12

Altars:
Dithmenos
Elyvilon
Gozag
Hepliaklqana
Nemelex Xobeh
Ru
Uskayaw
Wu Jian
Xom

Shops:
D:4 (   D:5 [   D:7 (!*:(

Annotations:
D:5 2 runed translucent doors, Sassenached's ghost, novice GnWn
D:10 Josephine


Innate Abilities, Weirdness & Mutations

You possess an exceptional clarity of mind.
Your muscles are strong. (Str +2)


Message History

Confirm with . or Enter, or press ? or * to list all spells.
Josephine is struck by an arc of lightning!
Josephine is heavily wounded.
The lightning grounds out.
Josephine barely misses you.
Casting: Static Discharge (safe; 1% risk of failure)
Confirm with . or Enter, or press ? or * to list all spells.
Josephine is struck by an arc of lightning.
Josephine is heavily wounded.
You are struck by an arc of lightning.
Josephine is struck by an arc of lightning!
Josephine is severely wounded.
You are struck by an arc of lightning.
The lightning grounds out.
Josephine hits you with a +2 dagger of draining.
You feel drained.
Casting: Static Discharge (safe; 1% risk of failure)
Confirm with . or Enter, or press ? or * to list all spells.
Josephine is struck by an arc of lightning.
Josephine is severely wounded.
The lightning grounds out.
Josephine hits you with a +2 dagger of draining!
You feel drained.
Casting: Static Discharge (safe; 1% risk of failure)
Confirm with . or Enter, or press ? or * to list all spells.
Josephine is struck by an arc of lightning.
Josephine is severely wounded.
You are struck by an arc of lightning.
Josephine is struck by an arc of lightning.
Josephine is almost dead.
The lightning grounds out.
Josephine hits you with a +2 dagger of draining.
You feel drained.
You hit Josephine.
Josephine is almost dead.
You closely miss Josephine.
Josephine is almost dead.
Josephine draws life force from you!
* * * LOW HITPOINT WARNING * * *
Josephine is healed by the life force!
You feel better. Josephine draws life force from you!
You die...

.########
.....††.#
#†# #@#
#@# ##.#
#..#
##.## #
#..# #
#.## #
##.# #
####..# #
#....##


You could see Josephine.

Vanquished Creatures
  A two-headed ogre (D:10)
  Psyche (D:9)
  A troll (D:8)
  A hornet (D:9)
  3 wraiths
  9 yaks
  A wyvern (D:5)
  4 vampire mosquitoes
  2 steam dragons
  An ice beast (D:5)
  Purgy (D:4)
  2 sky beasts (D:7)
  2 black bears
  A necrophage (D:6)
  2 ogres
  5 centaurs
  Blork the orc (D:5)
  2 bullfrogs
  4 scorpions
  A gnoll sergeant (D:8)
  A water moccasin skeleton (D:7)
  6 killer bees (D:10)
  4 wights (D:9)
  3 electric eels (D:9)
  A centaur zombie (D:5)
  2 centaur skeletons
  An orc priest (D:4)
  Crazy Yiuf (D:7)
  3 gnoll shamans
  A hound (D:4)
  Jessica (D:2)
  3 iguanas
  5 orc wizards
  Terence (D:3)
  A howler monkey zombie (D:7)
  Robin (D:2)
  3 adders
  14 gnolls
  A howler monkey skeleton (D:5)
  3 shadow imps
  2 white imps
  A worm (D:3)
  3 dart slugs
  19 orcs
  9 endoplasms
  2 giant cockroaches (D:1)
  8 hobgoblins
  6 jackals
  8 kobolds
  A quokka (D:2)
  2 ball pythons (D:3)
  4 bats
  3 frilled lizards
  18 goblins
  7 rats
  A spectral hobgoblin (D:5)
195 creatures vanquished.

Vanquished Creatures (others)
  8 plants (D:9)
8 creatures vanquished.

Grand Total: 203 creatures vanquished

Notes
Turn   | Place    | Note
-------+----------+-------------------------------------------
     0 | D:1      | ENCue the Deep Elf Air Elementalist began the quest for the
                  | Orb.
     0 | D:1      | Reached XP level 1. HP: 10/10 MP: 6/6
   256 | D:1      | Reached XP level 2. HP: 15/15 MP: 6/8
   302 | D:1      | Reached skill level 1 in Hexes
   606 | D:1      | Found a faded altar of an unknown god.
   925 | D:1      | Learned a level 2 spell: Static Discharge
  1268 | D:2      | Reached XP level 3. HP: 16/19 MP: 3/9
  1302 | D:2      | Noticed Jessica
  1310 | D:2      | Killed Jessica
  1726 | D:2      | Reached XP level 4. HP: 24/24 MP: 9/11
  1783 | D:2      | Noticed Robin
  1951 | D:2      | Killed Robin
  2410 | D:3      | Found a white marble altar of Elyvilon.
  2637 | D:3      | Noticed Terence
  2800 | D:2      | Learned a level 3 spell: Swiftness
  2805 | D:2      | Learned a level 4 spell: Airstrike
  2856 | D:3      | Reached XP level 5. HP: 28/28 MP: 8/13
  3318 | D:3      | Became a worshipper of Elyvilon the Healer
  3607 | D:3      | Killed Terence
  3625 | D:3      | Upgraded the game from 0.27-a0-1228-gfd60fd639a to
                  | 0.27-a0-1232-gc6a4cbde82
  3789 | D:4      | Noticed Purgy
  3940 | D:4      | Found Soyni's Antique Weapon Emporium.
  3966 | D:4      | Found a sacrificial altar of Ru.
  4200 | D:4      | Reached XP level 6. HP: 32/32 MP: 10/14
  4244 | D:4      | Found a staircase to the Ecumenical Temple.
  4358 | D:4      | Reached * piety under Elyvilon
  4439 | D:4      | Killed Purgy
  4536 | D:4      | Reached skill level 5 in Spellcasting
  4971 | D:4      | Found an opulent altar of Gozag.
  5312 | D:5      | Entered Level 5 of the Dungeon
  5358 | D:5      | Learned a level 5 spell: Lightning Bolt
  5465 | D:5      | Noticed Blork the orc
  5835 | D:5      | Killed Blork the orc
  5836 | D:5      | Reached XP level 7. HP: 27/36 MP: 4/16
  5840 | D:5      | Reached skill level 5 in Stealth
  6208 | D:5      | Reached skill level 5 in Dodging
  6426 | D:5      | Found a large runed translucent door.
  6428 | D:5      | Found a large runed translucent door.
  6439 | D:5      | Found Ruufurai's Antique Armour Shoppe.
  6447 | D:5      | Reached ** piety under Elyvilon
  6722 | D:5      | Reached skill level 5 in Hexes
  6722 | D:5      | Reached skill level 5 in Air Magic
  6770 | D:5      | Noticed a wyvern
  6775 | D:5      | Killed a wyvern
  6776 | D:5      | Reached XP level 8. HP: 31/41 MP: 10/19
  6936 | D:5      | Found a hazy altar of Hepliaklqana.
  7168 | D:5      | Noticed Sassenached's ghost (novice GnWn)
  7488 | D:6      | Gained mutation: You possess an exceptional clarity of
                  | mind. [potion of mutation]
  7488 | D:6      | Gained mutation: Your muscles are strong. (Str +2) [potion
                  | of mutation]
  7948 | D:6      | Reached *** piety under Elyvilon
  8089 | D:6      | Identified the +0 scale mail "Xyitz" {rElec Will- Regen+}
  8464 | D:7      | Found an ornate altar of the Wu Jian Council.
  8637 | D:7      | Found Has Lewiuf's Assorted Antiques.
  8669 | D:7      | Found Riojuat's Distillery.
  8673 | D:7      | Found Syskis's Antique Weapon Shop.
  8693 | D:7      | Reached XP level 9. HP: 28/45 MP: 22/22
  8820 | D:7      | Bought a potion of lignification for 33 gold pieces
  8820 | D:7      | Bought a potion of lignification for 33 gold pieces
  8820 | D:7      | Bought a potion of lignification for 33 gold pieces
  8820 | D:7      | Bought a potion of resistance for 110 gold pieces
  9193 | D:7      | Reached **** piety under Elyvilon
  9376 | D:7      | Found Wapeejus's Weapon Shoppe.
  9392 | D:7      | Found Okioh's Book Shoppe.
  9614 | D:7      | Found a runed translucent door.
  9615 | D:7      | Noticed Crazy Yiuf
  9748 | D:7      | Found a sparkling altar of Nemelex Xobeh.
  9795 | D:7      | Found a shimmering altar of Xom.
  9927 | D:7      | Killed Crazy Yiuf
 10327 | D:8      | Found a shadowy altar of Dithmenos.
 10334 | D:8      | Noticed a troll
 10833 | D:8      | Killed a troll
 11003 | D:9      | Reached ***** piety under Elyvilon
 11011 | D:9      | Paralysed by a hornet for 3 turns
 11413 | D:9      | Found a hide-covered altar of Uskayaw.
 11501 | D:9      | Reached XP level 10. HP: 50/50 MP: 24/24
 12070 | D:9      | Noticed Psyche
 12089 | D:9      | Killed Psyche
 13156 | D:10     | Entered Level 10 of the Dungeon
 13175 | D:10     | Noticed a two-headed ogre
 13193 | D:10     | Killed a two-headed ogre
 13194 | D:10     | Reached skill level 10 in Spellcasting
 13335 | D:10     | Noticed Josephine
 13337 | D:10     | Reached skill level 10 in Stealth
 13351 | D:10     | HP: 1/45 [Josephine/vampiric draining (16)]
 13352 | D:10     | Killed from afar by Josephine

Illustrated notes

Levels and vault maps discovered:
D:1:      dpeg_arrival_prison, layout_basic,
          hellmonk_ecumenical_altar_arch_garden, minmay_tetromino_l2
D:2:      layout_rooms, grunt_ministairs_4, minmay_misc_feat_enclosed,
          uniq_robin, uniq_jessica
D:3:      layout_loops_ring, lemuel_tele_altar, minmay_distorted, uniq_terence
D:4:      layout_loops_corners, nicolae_ru_the_path_less_chosen,
          nicolae_overflow_hidden_temple, temple_green, serial_shops,
          nicolae_shop_stone, uniq_purgy
D:5:      layout_loops_corners, nicolae_hepliaklqana_monster_ancestors,
          serial_shops, shop, ebering_ghost_disaster_area,
          minmay_tree_intersection, minmay_diced_spiral, uniq_blork_the_orc
D:6:      layout_cave_pods
D:7:      layout_basic, general_overflow_altar, lemuel_coloured_pillars_altar,
          nicolae_overflow_crystal_walls, serial_shops,
          nicolae_shop_competitors_out_of_business, shop_fountains, shop,
          kennysheep_mini, nicolae_shop_stone, chequers_serial_rivers_marsh,
          interstate_on_off, kennysheep_generic_room_8, uniq_crazy_yiuf_cottage
D:8:      layout_basic, nicolae_dithmenos_shadow_blocks
D:9:      layout_cave_pools, eat_drink_and_be_merry_uskayaw, serial_park_tiny_2,
          serial_bayou_lagoon_a, uniq_psyche
D:10:     layout_rooms, old_standard_altar, uniq_josephine

Skill      XL: |  1  2  3  4  5  6  7  8  9 10 |
---------------+-------------------------------+-----
Hexes          | 1 2 3 4 5 6 8 9 |  9.7
Stealth        | 3 4 6 7 8 10 | 10.1
Dodging        | 3 4 5 6 8 9 |  9.3
Spellcasting   | 4 5 6 7 8 10 | 10.2
Air Magic      | 4 5 6 7 8 |  8.1
Conjurations   | |  1.1

Action                   |  1- 3 |  4- 6 |  7- 9 | 10-12 || total
-------------------------+-------+-------+-------+-------++-------
Melee: Unarmed           |     5 |     1 |       |       ||     6
       Short sword       |       |       |    57 |    17 ||    74
 Cast: Shock             |    80 |   133 |   178 |    30 ||   421
       Static Discharge  |     1 |    25 |    42 |    22 ||    90
       Airstrike         |       |     3 |    13 |    40 ||    56
       Swiftness         |       |     2 |       |       ||     2
Invok: Lesser Healing    |       |       |     2 |       ||     2
       Greater Healing   |       |       |     1 |       ||     1
Evoke: Wand              |       |     8 |     6 |       ||    14
  Use: Scroll            |     2 |     4 |     2 |     1 ||     9
       Potion            |       |       |     5 |     2 ||     7
 Stab: Sleeping          |       |       |     1 |       ||     1
Armor: Robe              |     5 |    20 |     9 |       ||    34
       Steam dragon scal |       |       |    26 |     8 ||    34
       Skin              |       |       |     3 |    17 ||    20
Dodge: Dodged            |    15 |    43 |    59 |    48 ||   165

Table legend: (Time is in decaauts)
 A = Elapsed time spent in this place.
 B = Non-inter-level travel time spent in this place.
 C = Inter-level travel time spent in this place.
 D = Time resting spent in this place.
 E = Time spent auto-exploring this place.
 F = Levels seen in this place.
 G = Mean time per level.
                   A        B        C        D        E       F      G
               +--------+--------+--------+--------+--------+-----+--------+
         Total |  13362 |  12897 |    465 |   1071 |  10521 |  10 | 1336.2 |
       Dungeon |  13362 |  12897 |    465 |   1071 |  10521 |  10 | 1336.2 |
               +--------+--------+--------+--------+--------+-----+--------+

Top non-repeatable levels by time:
     D:9: 1804 daAuts
     D:5: 1775 daAuts
     D:4: 1712 daAuts
     D:7: 1583 daAuts
     D:3: 1352 daAuts
     D:8: 1328 daAuts
     D:2: 1264 daAuts
     D:1: 1217 daAuts
     D:6: 1127 daAuts
    D:10: 195 daAuts
